 Dungeon Crawl Stone Soup version 0.17-a0-1411-g06ff558 (webtiles) character file.

77 Fluffy the Cudgeler (level 4, -3/28 HPs)
             Began as a Gargoyle Fighter on June 23, 2015.
             Killed by nerve-wracking pain
             ... invoked by Grinder
              (13 damage)
             ... on level 4 of the Dungeon.
             The game lasted 00:03:22 (1918 turns).

Fluffy the Cudgeler (Gargoyle Fighter)              Turns: 1918, Time: 00:03:22

Health: -3/28      AC: 11    Str: 25    XL:     4   Next: 34%
Magic:  4/4        EV:  7    Int:  9    God:
Gold:   148        SH:  9    Dex: 10    Spells: 0 memorised, 3 levels left

rFire  . . .     SeeInvis .     o - +0 morningstar
rCold  . . .     Clarity  .     b - +0 scale mail
rNeg   + . .     SustAt   .     c - +0 shield
rPois  ∞         Gourm    .     m - +0 hat
rElec  +         Spirit   .     (no cloak)
rCorr  .         Warding  .     l - +0 pair of gloves
rMut   .         Stasis   .     (no boots)
MR     .....                    (no amulet)
Stlth  ..........               (no ring)
                                k - +6 ring of strength

@: not resistant to hostile enchantments, extremely unstealthy
A: negative energy resistance 1, electricity resistance, unbreathing,
petrification resistance, rot immunity, AC +3
a: no special abilities


You were on level 4 of the Dungeon.
You were very hungry.

You visited 1 branch of the dungeon, and saw 4 of its levels.

You collected 148 gold pieces.

Inventory:

Hand weapons
 o - a +0 morningstar (weapon)
Armour
 b - a +0 scale mail (worn)
 c - a +0 shield (worn)
 l - a +0 pair of gloves (worn)
 m - a +0 hat (worn)
Jewellery
 k - a +6 ring of strength (left hand)
 q - an uncursed amulet of faith
Scrolls
 a - 3 scrolls of identify {unknown}
 f - 3 scrolls of remove curse {unknown}
 g - 2 scrolls of teleportation {unknown}
 p - 2 scrolls of recharging {unknown}
 r - a scroll of magic mapping {unknown}
 s - a scroll of blinking {unknown}
 v - a scroll of noise {unknown}
Potions
 d - 3 potions of might
 h - 3 potions of magic {unknown}
 i - a potion of resistance {unknown}
 n - a potion of invisibility {unknown}
 w - a potion of haste {unknown}
Comestibles
 e - 2 bread rations
 j - a slice of pizza
 t - a beef jerky
 u - 2 fruits


   Skills:
 - Level 3.2 Fighting
 + Level 4.4 Maces & Flails
 - Level 3.2 Armour
 - Level 3.2 Shields


You had 3 spell levels left.
You didn't know any spells.

Dungeon Overview and Level Annotations

Branches:
Dungeon (4/15)
 Temple: D:4-7

Altars:
Nemelex Xobeh
Yredelemnul
Zin

Annotations:
D:4 Grinder


Innate Abilities, Weirdness & Mutations

You are resistant to torment.
Your stone body is resilient (AC +3).
You are immune to poison.
You resist negative energy.
You are resistant to electric shocks.
You can survive without breathing.
You are immune to petrification.
You are immune to rotting.


Message History

Grinder says, "There's only one good use for a tongue: cutting it out."
Grinder hits you.
You hit Grinder.
Grinder is heavily wounded.
Grinder barely misses you.
You hit Grinder.
Grinder is heavily wounded.
Grinder hits you.
You hit Grinder.
Grinder is severely wounded.
Grinder gestures at you. Pain shoots through your body! Grinder hits you.
You closely miss Grinder.
Grinder is severely wounded.
You block Grinder's attack.
You puncture Grinder!
Grinder is almost dead.
Grinder gestures at you. Pain shoots through your body!
You die...

# .# #. .# #.### <#
#....##.# ..
#.....#.# #.
#....5#.# #.
#....@#.# #.
##...#..# #.###
##.##.##
#...#######. #.#
#####..÷#...... #.#
..........# ## #.#
#####...#########.#
##.## #......#
#.#####.######


You could see Grinder.

Vanquished Creatures
  A worker ant (D:4)
  An adder (D:2)
  3 worms
  2 giant geckos
  8 bats
  7 hobgoblins
  2 jackals (D:1)
  A ball python (D:2)
  3 giant newts (D:1)
  A goblin (D:1)
  3 kobolds
  4 rats
36 creatures vanquished.

Notes
Turn   | Place    | Note
--------------------------------------------------------------
     0 | D:1      | Fluffy the Gargoyle Fighter began the quest for the Orb.
     0 | D:1      | Reached XP level 1. HP: 14/14 MP: 1/1
   226 | D:1      | Reached XP level 2. HP: 17/19 MP: 2/2
   616 | D:2      | Found a faded altar to an unknown god.
   773 | D:2      | Reached XP level 3. HP: 21/23 MP: 3/3
  1301 | D:3      | Found a glowing silver altar of Zin.
  1305 | D:3      | Found a basalt altar of Yredelemnul.
  1306 | D:3      | Found a sparkling altar of Nemelex Xobeh.
  1455 | D:3      | Reached skill level 4 in Maces & Flails
  1903 | D:4      | Noticed Grinder
  1904 | D:4      | Reached XP level 4. HP: 20/28 MP: 4/4
  1904 | D:4      | Paralysed by Grinder for 7 turns
  1918 | D:4      | Killed from afar by Grinder

Vault maps used:
D:1:      roderic_dead_forest, minmay_misc_feat_nine_boxes, minmay_door_square,
          minmay_fountain_box, minmay_misc_feat_secret_circle
D:2:      ecumenical_altar_1, first_bread, minmay_misc_feat_x,
          kennysheep_generic_room_8
D:3:      gammafunk_temple_overflow_forgotten
D:4:      bloody_trog, minmay_distorted, uniq_grinder, uniq_edmund,
          uniq_crazy_yiuf_cottage

Action                   |  1- 3 |  4- 6 || total
-------------------------+-------+-------++-------
Melee: Flail             |    55 |       ||    55
       Morningstar       |    54 |     7 ||    61
  Eat: Chunk             |     2 |       ||     2
